Workbook

Sheet Intro
A1: 0. Introduction
A3: Q no | B3: Question | C3: Options | D3: Code
B5: Hello, my name is [name enumerator/operator]. I am working on behalf of the World Bank.We have randomly selected your household for this interview. The purpose of this interview is to learn about the welfare of your household and this village. Your participation in this survey is voluntary. All your answers will remain confidential. The interview will take maximum 20-25 minutes of your time. Could you please spare some time for the interview?
B6: Do you have any questions about the survey? ENUMERATOR: ANSWER ANY QUESTIONS THEY MAY HAVE
B7: Do you agree to be interviewed? | C7: Not agreed | D7: 0
C8: Agree | D8: 1
A11: Note | B11: This questionnaire must be implemented with an adult household member

Sheet Household Characteristics
B1: 1. Household characteristics
B3: Q no | C3: Question | D3: Options | E3: Code
C6: Select the round of data collection you are doing the survey for | D6: Round 1 | E6: 1
D7: Round 2 | E7: 2
D8: Round 3 | E8: 3
D9: Round 4 | E9: 4
B10: D1 | C10: Enumerator name
B11: D2 | C11: Enumerator number
B12: D3 | C12: Respondent full names
A13: Add this at the end of the questionnaire | B13: D4 | C13: Respondent number
B14: D5 | C14: Refugee household? | D14: Yes | E14: 1
B15: 101 | C15: What is your year of birth? | E15: Year
B16: =B15+1 -> 102 | C16: Is there another adult in the household that I can speak to? [Ask If respondent at Q101 is below 18 years old. If no adult available at the moment, call back] | D16: Yes | E16: 1
D17: No | E17: 2
B18: =B16+1 -> 103 | C18: What is the name of the adult in the household?
B19: =B18+1 -> 104 | C19: Please provide the phone number of the (Insert the name of the adult that was mentioned)
B21: =B19+1 -> 105 | C21: Gender RECORD WITHOUT ASKING | D21: Male | E21: 1
D22: Female | E22: 2
B23: =B21+1 -> 106 | C23: What is your country of citizenship? | D23: South Sudan | E23: 1
D24: Sudan | E24: 2
D25: Somalia | E25: 3
D26: Eritrea | E26: 4
D27: Yemen | E27: 5
D28: Kenya | E28: 6
D29: Ethiopia | E29: 7
D30: Other country (Specify) | E30: 9
B32: =B23+1 -> 107 | C32: In which state do you currently live? | D32: Codes provided separately
B34: =B32+1 -> 108 | C34: In which locality do you currently live? | D34: Codes provided separately
B35: =B34+1 -> 109 | C35: Would you describe the area that you live in as a city, a semi-urban area, or rural area? | D35: Urban | E35: 1
D36: Semi urban | E36: 2
D37: Rural | E37: 3
D38: Not sure | E38: 4
B39: =B35+1 -> 110 | C39: What is your highest level of completed education? | D39: No school, cannot read or write | E39: 1
D40: No school, can read and write | E40: =E39+1 -> 2
D41: Completed part of first level (part of elementary school) | E41: =E40+1 -> 3
D42: Completed elementary | E42: =E41+1 -> 4
D43: Pre-high school diploma | E43: =E42+1 -> 5
D44: General high school and equivalent | E44: =E43+1 -> 6
D45: Post high school diploma | E45: =E44+1 -> 7
D46: Bachelor degree/license/or higher | E46: =E45+1 -> 8
D47: Other | E47: =E46+1 -> 9
B48: =B39+1 -> 111 | C48: How many members have been living in the household, or same shelter / tent for at least the past 3 months? A household is defined by all the people who sleep under the same roof and share meals/expenses together for at least 15 days a month. | E48: Household members
B50: =B48+1 -> 112 | C50: Of your household members or people who live in the same shelter as you, how many are children less than 15 years old? | D50: 113_1. Boys /__/__/ 113_2. Girls /__/__/ | E50: Household members / people who live in the same shelter as you
B51: =B50+1 -> 113 | C51: What is your relationship to the head of household A household is defined by all the people who sleep under the same roof and share meals/expenses together for at least 15 days a month. | D51: I am the head (or joint head) of the household | E51: 1
D52: Spouse of household head | E52: 2
D53: Son or daughter of household head | E53: 3
D54: Son or daughter in law of household head | E54: 4
D55: Parent of household head | E55: 5
D56: Brother or sister of household head | E56: 6
D57: Other relative of household head | E57: 7
D58: Not directly related to household head, specify | E58: 8
B59: =B51+1 -> 114 | C59: What is your relationship to the main breadwinner of household? A household is defined by all the people who sleep under the same roof and share meals/expenses together for at least 15 days a month. | D59: I am the breadwinner (or joint head) of the household | E59: 1
D60: Spouse of household breadwinner | E60: 2
D61: Son or daughter of household breadwinner | E61: 3
D62: Son or daughter in law of breadwinner | E62: 4
D63: Parent of breadwinner | E63: 5
D64: Brother or sister of breadwinner | E64: 6
D65: Other relative of breadwinner | E65: 7
D66: Not directly related to breadwinner, specify | E66: 8
B67: =B59+1 -> 115 | C67: What type of fuel or energy source does this household / shelter you live in use most of the time for lighting? | D67: Public electricity | E67: 1
D68: Private electricity (generator) | E68: 2
D69: Gas | E69: 3
D70: Paraffin lantern | E70: 4
D71: Paraffin lamp | E71: 5
D72: Firewood | E72: 6
D73: Grass | E73: 7
D74: Candle wax | E74: 8
D75: Solar power | E75: 9
D76: Biogas | E76: 10
D77: No lighting | E77: 11
B79: =B67+1 -> 116 | C79: What type of fuel or energy source does this household / shelter yo live in use most of the time for cooking? | D79: Firewood | E79: 1
D80: Charcoal | E80: 2
D81: Gas | E81: 3
D82: Electricity | E82: 4
D83: Paraffin | E83: 5
B85: =B79+1 -> 117 | C85: What is the main source of drinking water for the household? | D85: Piped into dwelling | E85: 1
D86: Piped into yard/plot | E86: 2
D87: Piped to neighbor | E87: 3
D88: Public tap / Standpipe serving not more than 5 households | E88: 4
D89: Public tap / Standpipe serving more than 5 households | E89: 5
D90: Tube well / Borehole | E90: 6
D91: Protected dug well | E91: 7
D92: Unprotected dug well | E92: 8
D93: Protected spring | E93: 9
D94: Unprotected spring | E94: 10
D95: Collected rainwater | E95: 11
D96: Tanker truck / Water vendor | E96: 12
D97: Cart with small tank / Drum | E97: 13
... D101: Don´t know | E101: 98
B103: =B85+1 -> 118 | C103: Do you or any member of your household / people living in the same shelter as you have access to internet? | D103: Yes | E103: 1
D104: No | E104: 2
B105: =B103+1 -> 119 | C105: ="How often do you use the internet?" & " IF Q" & B103 & " =1" -> How often do you use the internet? IF Q118 =1 | D105: Every day | E105: 1
D106: A few times a week | E106: 2
D107: a few times a month | E107: 3
D108: Less than once a month | E108: 4
D109: Never | E109: 5
B110: =B105+1 -> 120 | C110: What is the main source of drinking water for this household? | D110: Public tap/standpipe | E110: 1
D111: Handpumps/boreholes | E111: 2
D112: Protected well | E112: 3
D113: Unprotected well | E113: 4
...

Sheet Displacement
B1: 2. Displacement | D1: =(212-202) -> 10 | E1: =5 -> 5 | F1: =3 -> 3
A3: Relevance | B3: Q no | C3: Questions | D3: Options | E3: Code | F3: Code
A5: ="ASK ONLY IF " & 'Household Characteristics'!B14 & " =1" -> ASK ONLY IF D5 =1 | B5: =201 -> 201 | C5: In what year did you come to Sudan as a refugee? | D5: Year | E5: /_/_/_/_/ | G5: ="IF MONTH/YEAR IS AFTER 04/2023 THEN SKIP TO Q" & B18 -> IF MONTH/YEAR IS AFTER 04/2023 THEN SKIP TO Q206
D6: Month | E6: /_/_/
A7: ="ASK ONLY IF " & 'Household Characteristics'!B14 & " =1" -> ASK ONLY IF D5 =1 | B7: =B5+1 -> 202 | C7: Were you living in the refugee camp before the start of the war (April 2023)? | D7: Yes | E7: 1
D8: No | E8: 2 | G8: ="IF Q" & B7 & "=2 THEN SKIP TO Q" & B13 -> IF Q202=2 THEN SKIP TO Q204
A9: ="ASK ONLY IF q" & B7 & " =1" -> ASK ONLY IF q202 =1 | B9: =B7+1 -> 203 | C9: How has the population of the camp evolved changed since the start of the war (April 2023) | D9: Decreased | E9: 1
D10: Stayed the same | E10: 2
D11: Increased | E11: 3
D12: Not sure/Don't know | E12: 4
A13: If Q 202=2 , Then display this question | B13: =B9+1 -> 204 | C13: Where were you living before the war (state/district locality)? | E13: State
E14: Locality
D15: Abroad (Specify COUNTRY) | E15: 95
A16: ="ASK ONLY IF " & 'Household Characteristics'!B14 & " =1" -> ASK ONLY IF D5 =1 | B16: =B13+1 -> 205 | C16: When did you come to your current camp / shelter? (month/year) | D16: Year | E16: /_/_/_/_/
D17: Month | E17: /_/_/
A18: ="ASK ONLY IF " & 'Household Characteristics'!B14 & " =1" -> ASK ONLY IF D5 =1 | B18: =B16+1 -> 206 | C18: Why did you come to live in this camp / shelter? | D18: I did not have a choice | E18: 1
D19: I had friends and family here/there | E19: 2
D20: There are better livelihood opportunities | E20: 3
D21: Better food aid in camps | E21: 4
D22: Security better in camp | E22: 5
D23: Better education for children | E23: 6
D24: NGO or other organization chose this place | E24: 7
D25: Other (Specify) | E25: 8
B26: =B18+1 -> 207 | C26: Has your household EVER moved from your house since the start of the conflict (since 2023)? | D26: Yes, we have moved at least once | E26: 1
D27: Not all of us, but some have moved | E27: 2
D28: No, we have been living here before the conflict | E28: 3
E30: Reason why you moved for the first time | F30: Reason of your latest move?
A31: =CONCATENATE("If Q",B26,"=1,2") -> If Q207=1,2 | B31: =B26+1 -> 208 | C31: What was the MAIN reason that your household /household members had to move? Select all that apply (ANY MOVE) | D31: 1- For Studying | E31: /__/__/ | F31: /__/__/
D32: 2- For Work
D33: 3- For Marriage
D34: 4- Separation of the household
D35: 5- Because of conflict (bombardment, fighting, destruction of the house…)
D36: 6- Floods
D37: 7- Other natural disasters
D38: 8- Lack of food
D39: 9- Lack of water
D40: 10- Other (Specify)
A42: =CONCATENATE("If Q",B26,"=1,2") -> If Q207=1,2 | B42: =B31+1 -> 209 | C42: When did your household /household members move the first time? | D42: Year | E42: /_/_/_/_/
D43: Month | E43: /_/_/
A45: =CONCATENATE("If Q",B26,"=1,2") -> If Q207=1,2 | B45: =B42+1 -> 210 | C45: When did your household /household members move the last time? | D45: Year | E45: /_/_/_/_/
D46: Month | E46: /_/_/
B48: =B45+1 -> 211 | C48: Has your household returned to your original locality since moving the last time? | D48: Yes | E48: 1
A49: =CONCATENATE("If Q",B26,"=1") -> If Q207=1 | D49: No | E49: 2
B51: =B48+1 -> 212 | C51: How many different localities has your household been living in since the start of the conflict (April 2023)? This would be for more than three months at a time. | D51: Number | E51: /_/_/
A52: =CONCATENATE("If Q",B26,"=1") -> If Q207=1
B54: =B51+1 -> 213 | C54: Where were you living before your household's recent move? | E54: State
A55: =CONCATENATE("If Q",B26,"=1") -> If Q207=1 | E55: Locality
B56: =B54+1 -> 214 | C56: Would you describe your origin area (the place where you lived before being displaced) as a city, a semi-urban area, or rural area? | D56: Urban | E56: 1
A57: =CONCATENATE("If Q",B26,"=1") -> If Q207=1 | D57: Semi urban | E57: 2
D58: Rural | E58: 3
D59: Not sure | E59: 4
B60: =B56+1 -> 215 | C60: Why did your household choose the most recent/current place of displacement? | D60: I did not have a choice | E60: 1
D61: I had friends and family here/there | E61: 2
D62: There are better livelihood opportunities | E62: 3
D63: It is our hometown | E63: 4
D64: It was the closest safe place | E64: 5
D65: Better education for children | E65: 6
D66: NGO or other organization chose this place | E66: 7
D67: Other (Specify) | E67: 8
A69: =CONCATENATE("If Q",B26,"=1") -> If Q207=1 | B69: =B60+1 -> 216 | C69: Are you currently staying …? | D69: In a displacement camp | E69: 1
D70: With close family | E70: 2
D71: With far relatives | E71: 3
D72: With friends | E72: 4
D73: Rented a place | E73: 5
D74: Other (specify) | E74: 6
A75: =CONCATENATE("If Q",B69,"=5") -> If Q216=5 | B75: =B69+1 -> 217 | C75: Who pays for your rent? | D75: Self/Household members | E75: 1
D76: Relatives | E76: 2
D77: Friends | E77: 3
D78: Other (specify) | E78: 4
B79: =B75+1 -> 218 | C79: One day, when the war is over, do you plan to..... ENUMERATOR: READOUT THE OPTIONS | D79: Return to origin area | E79: 1 | F79: 104_1 = 5
A80: Route the options based on who is responding to the survey | D80: Integrate in the community where I am currently displaced | E80: 2 | F80: All
D81: Go to another location within Sudan (not origin area) | E81: 3 | F81: All
D82: Return to origin country | E82: 4 | G82: ="ASK ONLY IF " & 'Household Characteristics'!B14 & " =1" -> ASK ONLY IF D5 =1
D83: Go to another counrty | E83: 5 | G83: ="ASK ONLY IF " & 'Household Characteristics'!B14 & " =1" -> ASK ONLY IF D5 =1
D84: Don't know yet | E84: 98 | F84: All

Sheet Labor
B1: 3. Labor and employment income
A4: Relevance | B4: Q no | C4: Question | D4: Options | E4: Code
B6: 301 | C6: Of your household members or people who live with you under the same shelter, how many members that are 15 and above worked in the last 7 days? Even if they worked for one hour. | D6: /__/__/
A8: ASK IF 111_2 > 0 | B8: =B6+1 -> 302 | C8: How many of which are female? | D8: /__/__/
A10: ="ASK IF " & 'Household Characteristics'!B50 & " >0 " -> ASK IF 112 >0 | B10: =B8+1 -> 303 | C10: Did any children (younger than 15) in the household / the shelter in which you live work in the last 7 days? Even if they worked for one hour. | D10: 1 - Yes | E10: /__/
D11: 2 - No
B13: =B10+1 -> 304 | C13: Do you have any type of special skills or have you acquired any technical or vocational training or skills? | D13: 1. Yes 2. No
A14: =CONCATENATE("IF Q", B13,"=1") -> IF Q304=1 | B14: =B13+1 -> 305 | C14: What type of skills or training do you have? (Select all that apply) | E14: 1-Yes; 0-No
D15: 1- Technical skills (e.g., carpentry, plumbing...) | E15: /__/
D16: 2- IT skills (e.g., computer programming) | E16: /__/
D17: 3- Healthcare skills (e.g., nursing, first aid) | E17: /__/
D18: 4- Professional skills (e.g., teaching, management) | E18: /__/
D19: 5- Other (please specify) | E19: /__/
A20: =CONCATENATE("If ", B6,">0") -> If 301>0 | B20: =B14+1 -> 306 | C20: ="During the past 7 days, did you do any paid or unpaid work?"&CHAR(10)&CHAR(10)&"This could be paid in cash or in-kind, or unpaid for a household business or the business of a household member."&CHAR(10)&CHAR(10)&"This includes working on a farm, working selling something, making handcrafts for sale, washing cars, selling qat, selling meals." -> During the past 7 days, did you do any paid or unpaid work? This could be paid in cash or in-kind, or unpaid for a household business or the business of a household member. This includes working on a farm, working selling something, making handcrafts for sale, washing cars, selling qat, selling meals. | D20: 1 - Yes | E20: /__/
D21: 2 - No
A22: ="ASK IF " & 'Household Characteristics'!B14 & " =1 AND " & "Q" &B20 & "=1" -> ASK IF D5 =1 AND Q306=1 | B22: =B20+1 -> 307 | C22: Do you go outside of the camp to work, or work in the camp? | D22: 1 - Work outside camp | E22: /__/ | F22: ="SKIP TO Q" &B33& " IF Q" & B22 &"=1" -> SKIP TO Q310 IF Q307=1
D23: 2 - Work in camp
A25: ="ASK IF " & B22 & "=2" -> ASK IF 307=2 | B25: =B22+1 -> 308 | C25: What is the main reason you do not leave the camp to work? | D25: 1 - No right to leave the camp
D26: 2 - Too dangerous outside the camps | E26: /__/
D27: 3 - No jobs outside the camp
D28: 4 - Other (Specify)
B29: =B25+1 -> 309 | C29: Are you currently employed? | D29: 1 - Yes, full-time | E29: /__/
D30: 2 - Yes, part-time
D31: 3 - No
A33: =CONCATENATE("IF Q",B29, "=1, 2") -> IF Q309=1, 2 | B33: =B29+1 -> 310 | C33: Do you have more than one job or type of work? | D33: 1 - Yes | E33: /__/
D34: 2 - No
A35: =CONCATENATE("IF Q",B29, "=1, 2") -> IF Q309=1, 2 | B35: =B33+1 -> 311 | C35: Were you mainly working as: (READ OPTIONS OUT LOUD) | D35: 1 - Wage worker or employee
D36: 2 - Own-account worker or employer (including household enterprises) | E36: /__/
D37: 3 - Unpaid family member
D38: 4 - Other, specify
A40: =CONCATENATE("IF Q",B29, "=1, 2") -> IF Q309=1, 2 | B40: =B35+1 -> 312 | C40: What type of sector were you working in? (READ OPTIONS OUT LOUD) | D40: 1 - Private sector
D41: 2 - Public sector/government
D42: 3 - Mixed sector (for example Sudan construction bank, Sudan mobile, Social Fund for Development) | E42: /__/
D43: 4 - Non-governmental organization or civil society organization
D44: 5 - International organization
A46: =CONCATENATE("IF Q",B29, "=1, 2") -> IF Q309=1, 2 | B46: =B40+1 -> 313 | C46: What is the main economic activity of the enterprise that you work at over the past 7 days? | D46: 1 - Agriculture, forestry and fishing
D47: 2 - Manufacturing, mining and quarrying and other industrial activities
D48: 3 - Construction
D49: 4 - Wholesale and retail trade, transportation and storage, accommodation and food service activities
D50: 5 - Information and communication | E50: /__/__/
D51: 6 - Financial and insurance activities
D52: 7 - Real estate activities
D53: 8 - Professional, scientific, technical, administrative and support service activities
D54: 9 - Public administration and defense, education, human health and social work activities
D55: 10 - Other service activities
A57: =CONCATENATE("IF Q",B29, "=1, 2") -> IF Q309=1, 2 | B57: =B46+1 -> 314 | C57: What was the main type of job or work that you were doing at this enterprise over the past 7 days? | D57: 1 - Manager
D58: 2 - Professional
D59: 3 - Technicians and associate professional
D60: 4 - Clerical support workers
D61: 5 - Service and sales workers | E61: /__/__/
D62: 6 - Skilled agricultural, forestry and fishery workers
D63: 7 - Skilled Craft and related trades workers
D64: 8 - Skilled Plant and machine operators and assemblers
D65: 9 - Elementary occupations (Cleaners and helpers, Agricultural, forestry and fishery laborers, labourers in mining, construction, manufacturing, and transport, food preparation assistants, Street and related sales and service workers, Refuse workers and other elementary workers)
D66: 10 - Other
B68: =B57+1 -> 315 | C68: Were you working last year (i.e. 12 months ago)? | D68: 1 - Yes
D69: 2 - No | E69: /__/__/
B72: =B68+1 -> 316 | C72: Last year (i.e., 12 months ago), were you mainly working as: (READ OPTIONS OUT LOUD) | D72: 1 - Wage worker or employee
A73: =CONCATENATE("IF Q", B68,"=1") -> IF Q315=1 | D73: 2 - Own-account worker or employer (including household enterprises) | E73: /__/
D74: 3 - Unpaid family member
D75: 4 - Other, specify
B77: =B72+1 -> 317 | C77: What was the main economic activity of the enterprise that you worked for last year (i.e. 12 months ago)? | D77: 1 - Agriculture, forestry and fishing
D78: 2 - Manufacturing, mining and quarrying and other industrial activities
D79: 3 - Construction
D80: 4 - Wholesale and retail trade, transportation and storage, accommodation and food service activities
D81: 5 - Information and communication | E81: /__/__/
D82: 6 - Financial and insurance activities
D83: 7 - Real estate activities
D84: 8 - Professional, scientific, technical, administrative and support service activities
D85: 9 - Public administration and defense, education, human health and social work activities
D86: 10 - Other service activities
A88: =CONCATENATE("IF Q",B72, "=1") -> IF Q316=1 | C88: If wage worker or employee:
B89: =B77+1 -> 318 | C89: What is the status of your job? | D89: 1 - Permanent
D90: 2 - Temporary | E90: /__/
D91: 3 - Seasonal
D92: 4 - Occasional
D93: -
B94: =B89+1 -> 319 | C94: Now, from your household / your current shelter's income sources, can you rank the three most important source? This could include wages, sale of crops, remittances, support from family or friends… SHOULD RECORD THE TOP THREE IN ORDER OF IMPORTANCE | D94: 1 - Wages
D95: 2 - Profit from non-household based enterprise
D96: 3 - Sale of food crops
D97: 4 - Sale of livestock/animal products
D98: 5 - Sale of food assistance | E98: 1. /__/__/
D99: 6 - Sale of other goods or profit from other household based enterprise (Qat, handicrafts, meals, vegetables, internet services) | E99: 2. /__/__/
D100: 7 - Cash transfers from humanitarian agencies | E100: 3. /__/__/
D101: 8 - International remittances
D102: 9 - National remittances
D103: 10 - Renting of land, buildings or machinery
D104: 11 - Support from family or friends
D105: 12 - Pensions
D106: 13 - Other social benefits
D107: 14 - Begging
D108: 15 - Regular government salary
D109: 16 - Irregular government salary
D110: 17 - In kind support
D111: 18 - Food aid
D112: 19 - Other (specify)
B114: =B94+1 -> 320 | C114: Last year (i.e., 12 months ago), from your household / shelter you live(d) in income sources, can you rank the three most important source? This could include wages, sale of crops, remittances, support from family or friends… SHOULD RECORD THE TOP THREE IN ORDER OF IMPORTANCE | D114: 1 - Wages
D115: 2 - Profit from non-household based enterprise
D116: 3 - Sale of food crops
D117: 4 - Sale of livestock/animal products
...

Sheet Food Security
B1: 4. Food Security | G1: =COUNT(B42:B67)+4 -> 13
C3: =2+2 -> 4
A4: Relevance | B4: Q no | C4: Question | D4: Options | E4: Code
B5: 401 | C5: Over the last 3 months, has household income been enough to cover food costs so that no family member has to go hungry at the end of the day? | D5: Yes, absolutely | E5: 1
D6: Yes, somewhat | E6: 2
D7: No, not realy | E7: 3
D8: Not at all | E8: 4
B11: =B5+1 -> 402 | C11: Have you received food supplies or assistance from external entities? | D11: Yes | E11: 1
D12: No | E12: 2
B14: =B11+1 -> 403 | C14: When did you last receive food assistance? If never received food assistance, skip to Q405 (Food Sources) | D14: Never received food assistance | E14: 1
A15: =CONCATENATE("If", " ", B11,"=1") -> If 402=1 | D15: Less than a month ago | E15: 2
D16: Between 1 and 3 months ago | E16: 3
D17: More than 3 months ago | E17: 4
A19: =CONCATENATE("If", " ", B11,"=1") -> If 402=1 | B19: =B14+1 -> 404 | C19: In which form did you receive food assistance? (Check all that apply) | D19: In-kind | E19: 1
D20: Cash | E20: 2
D21: Vouchers | E21: 3
A23: ="ASK ONLY IF " & 'Household Characteristics'!B14 & " =1" -> ASK ONLY IF D5 =1 | B23: =B19+1 -> 405 | C23: Compared to the start of the year 2025, how have the food rations that your household receives changed? | D23: Decreased | E23: 1
D24: Stayed the same | E24: 2 | F24: ="IF Q" & B23 & "=" & E24 & " THEN SKIP TO Q" & B32 -> IF Q405=2 THEN SKIP TO Q407
D25: Increased | E25: 3 | F25: ="IF Q" & B23 & "=" & E25 & " THEN SKIP TO Q" & B32 -> IF Q405=3 THEN SKIP TO Q407
D26: Not sure/Don't know | E26: 4 | F26: ="IF Q" & B23 & "=" & E26 & " THEN SKIP TO Q" & B32 -> IF Q405=4 THEN SKIP TO Q407
A28: ="ASK ONLY IF " & 'Household Characteristics'!B14 & " =1" -> ASK ONLY IF D5 =1 | B28: =B23+1 -> 406 | C28: By how much did the food rations decline? | D28: By less than half | E28: 1
D29: By half | E29: 2
D30: By more than half | E30: 3
A32: ="ASK ONLY IF " & 'Household Characteristics'!B14 & " =1" -> ASK ONLY IF D5 =1 | B32: =B28+1 -> 407 | C32: Compared to the start of the war (April 2023), how have the food rations that your household receives changed | D32: Decreased | E32: 1
D33: Stayed the same | E33: 2 | F33: ="IF Q" & B32 & "=" & E33 & " THEN SKIP TO Q" & B43 -> IF Q407=2 THEN SKIP TO Q409
D34: Increased | E34: 3 | F34: ="IF Q" & B32 & "=" & E34 & " THEN SKIP TO Q" & B43 -> IF Q407=3 THEN SKIP TO Q409
D35: Not sure/Don't know | E35: 4 | F35: ="IF Q" & B32 & "=" & E35 & " THEN SKIP TO Q" & B43 -> IF Q407=4 THEN SKIP TO Q409
A37: ="ASK ONLY IF " & 'Household Characteristics'!B14 & " =1" -> ASK ONLY IF D5 =1 | B37: =B32+1 -> 408 | C37: By how much did the food rations decline? | D37: By less than half | E37: 1
D38: By half | E38: 2
D39: By more than half | E39: 3
F42: Food source codes
B43: =B37+1 -> 409 | C43: Main food source: Where do you primarily get your food from? | F43: 1 = Own production (crops, animals)
C44: (Insert code from the list below) | F44: 2 = Fishing / Hunting
F45: 3 = Gathering
F46: 4 = Loan
F47: 5 = Market (purchase on cash)
F48: 6 = Market (purchase on credit)
F49: 7 = Beg for food
F50: 8 = Exchange labor or items for food
F51: 9 = Gift (food) from family/relatives
F52: 10= Food aid (NGOs, WFP)
C53: Food Consumption (Past 7 days) For the following questions, please indicate the number of days your household consumed the specified food items in the past 7 days:
B54: =B43+1 -> 410 | C54: Main staple starches, including cereals, grains, tubers and/or roots (such as potatoes, rice, pasta, bread, wheat flour, or other grains/cereals) | E54: Days
B55: =B54+1 -> 411 | C55: Pulses, nuts, and/or seeds (Including beans, fava bean, peas, peanuts, lentils or others) | E55: Days
B57: =B55+1 -> 412 | C57: Vegetables and/or leaves (including carrots, tomatoes, cucumbers, red peppers, pumpkin, kale, jarjir, onions, broccoli, spinach, lettuce or other vegetables) | E57: Days
B59: =B57+1 -> 413 | C59: Fruits (including citrus fruits such as oranges and limes, apricots, apples, dates, tangerine and other fruits) | E59: Days
B61: =B59+1 -> 414 | C61: Meat, eggs and/or fish or other seafood as a main dish, so not as a condiment | E61: Days
B63: =B61+1 -> 415 | C63: In the past 7 days, how many days did your household consume a substantial amount of milk (powdered or fresh) or other dairy products (including yogurt/Kefir, cheese, curd, condensed milk, sour cream or others)? (Excluding butter) | E63: Days
B65: =B63+1 -> 416 | C65: In the past 7 days, how many days did your household eat oil, fat or butter? (Including vegetable oil, palm oil, margarine, other fats / oil) | E65: Days
B67: =B65+1 -> 417 | C67: In the past 7 days, how many days did your household consumed sugar or sweets? (Sugar, honey, jam, cakes, candy, cookies, sugary drinks, other) | E67: Days
B69: =B67+1 -> 418 | C69: =CONCATENATE(B69,"a- During the past 30 days, did anyone in your household have to engage in any following actions due to a lack of food or a lack of money to buy food?") -> 418a- During the past 30 days, did anyone in your household have to engage in any following actions due to a lack of food or a lack of money to buy food? | D69: CODE | F69: =CONCATENATE(B69,"b- If no, why?") -> 418b- If no, why?
F70: 1 = No, because it wasn't necessary
D71: 1= Yes | F71: 2 = No, because I already aplied this strategy i.e (read strategy... ) and I cannot continue to do
D72: 2= No | F72: 3 = N.A. (I did not have animals/Assets in the first place; Not socially acceptable)
D73: 3 = Don't know | F73: 4 = Other (to be precised).
D74: CODE | F74: CODE
C75: 1. Sold household assets/goods (radio, furniture, refrigerator, television, jewelry etc.) | D75: /__/ | F75: /__/
C76: 2. Reduced non-food expenses on health (including drugs) and education | D76: /__/ | F76: /__/
C77: 3. Sold productive assets or means of transport (sewing machine, wheelbarrow, bicycle, car, etc.) | D77: /__/ | F77: /__/
C78: 4. Spent savings | D78: /__/ | F78: /__/
C79: 5. Borrowed money / food from a formal lender / bank | D79: /__/ | F79: /__/
C80: 6. Sold house or land | D80: /__/ | F80: /__/
C81: 7. Withdrew children from school | D81: /__/ | F81: /__/
C82: 9. Begging | D82: /__/ | F82: /__/
C83: 8. Sold last female animals | D83: /__/ | F83: /__/
C84: 9. Sold more animals (non-productive) than usual | D84: /__/ | F84: /__/

Sheet Education
B1: 5. Household Education module
B3: Q no | C3: Question | D3: Options | E3: Code
B6: 501 | C6: How many boys in the household or live in the same shelter as you are now between 6-13? | D6: /__/__/
B8: =B6+1 -> 502 | C8: How many boys between 6-13 in the household or live in the same shelter as you are currently enrolled in primary school? | D8: /__/__/
B10: =B8+1 -> 503 | C10: How many boysn in the household or live in the same shelter as you are currently enrolled in primary school? | D10: /__/__/
B12: =B10+1 -> 504 | C12: How many girls in the household or live in the same shelter as you are between 6-13? | D12: /__/__/
B14: =B12+1 -> 505 | C14: How many girls between 6-13 in the household or live in the same shelter as you are currently enrolled in primary school? | D14: /__/__/
B16: =B14+1 -> 506 | C16: How many girls in the household or live in the same shelter as you are currently enrolled in primary school? | D16: /__/__/
B18: =B16+1 -> 507 | C18: How many boys in the household or live in the same shelter as you are now between 14-18? | D18: /__/__/
B20: =B18+1 -> 508 | C20: How many boys between 14-18 in the household or live in the same shelter as you are currently enrolled in secondary school? | D20: /__/__/
B22: =B20+1 -> 509 | C22: How many boys in the household or live in the same shelter as you are currently enrolled in secondary school? | D22: /__/__/
B24: =B22+1 -> 510 | C24: How many girls in the household or live in the same shelter as you are now between 14-18? | D24: /__/__/
B26: =B24+1 -> 511 | C26: How many girls between 14-18 in the household or live in the same shelter as you are currently enrolled in secondary school? | D26: /__/__/
B28: =B26+1 -> 512 | C28: How many girls in the household or live in the same shelter as you are currently enrolled in secondary school? | D28: /__/__/
A30: =CONCATENATE("ASK IF Q",B8,"; Q",B10,"; Q",B14,"; Q",B16,"; Q",B20,"; Q",B22,"; Q",B26,"; Q",B28, " ", "> 0") -> ASK IF Q502; Q503; Q505; Q506; Q508; Q509; Q511; Q512 > 0 | B30: =B28+1 -> 513 | C30: Is the school that the children who are enrolled attend owned by the government or a non-governmental entity? | E30: 0- No; 1- Yes
D31: 1- Government/ Public | E31: /__/
D32: 2- Non-Governmental
A33: =CONCATENATE("ASK IF Q",B8,"; Q",B10,"; Q",B14,"; Q",B16,"; Q",B20,"; Q",B22,"; Q",B26,"; Q",B28, " ", "> 0") -> ASK IF Q502; Q503; Q505; Q506; Q508; Q509; Q511; Q512 > 0 | B33: =B30+1 -> 514 | C33: What type of school do the children who are enrolled attend? (Select all that apply) | E33: 0- No; 1- Yes
D34: 1- Day school | E34: /__/
D35: 2- Nomadic | E35: /__/
D36: 3- Qur’anic | E36: /__/
D37: 4- Special needs | E37: /__/
D38: 5- Complementary | E38: /__/
D39: 6- For IDPs | E39: /__/
D40: 9- Other (Specify) | E40: /__/
A41: =CONCATENATE("Ask if Q",B8,">0 or Q",B10,">0 or Q",B14,">0 or Q",B16,">0") -> Ask if Q502>0 or Q503>0 or Q505>0 or Q506>0 | B41: =B33+1 -> 515 | C41: What is the average walking time required for children to reach the nearest primary school?
D42: 1. Less than 15 minutes (i.e., less than 1 km)
D43: 2. 15-30 minutes (i.e., 1-2 km) | E43: /__/
D44: 3. 30-45 minutes (i.e., 2-3 km)
D45: 4. 45-60 minutes (i.e., 3-4 km)
D46: 5. More than 60 minutes (i.e., more than 4 km)
A47: =CONCATENATE("Ask if Q",B20,">0 or Q",B22,">0 or Q",B26,">0 or Q",B28,">0") -> Ask if Q508>0 or Q509>0 or Q511>0 or Q512>0 | B47: =B41+1 -> 516 | C47: What is the average walking time required for children to reach the nearest secondary school?
D48: 1. Less than 15 minutes (i.e., less than 1 km)
D49: 2. 15-30 minutes (i.e., 1-2 km) | E49: /__/
D50: 3. 30-45 minutes (i.e., 2-3 km)
D51: 4. 45-60 minutes (i.e., 3-4 km)
D52: 5. More than 60 minutes (i.e., more than 4 km)
A53: =CONCATENATE("ASK IF Q",B8,"; Q",B10,"; Q",B14,"; Q",B16,"; Q",B20,"; Q",B22,"; Q",B26,"; Q",B28, " ", "> 0") -> ASK IF Q502; Q503; Q505; Q506; Q508; Q509; Q511; Q512 > 0 | B53: =B47+1 -> 517 | C53: Approximately, how many days per week did each child attend classes during the last six months? ? [Specify if multiple answers]
D54: Girls in primary | E54: /__/ | F54: Ask if If 504 > 0
D55: Boys in primary | E55: /__/ | F55: Ask if If q502 > 0
D56: Girls in secondary | E56: /__/ | F56: Ask if 508 > 0
D57: Boys in secondary | E57: /__/ | F57: Ask if 506 > 0
A58: Ask if some school aged girls or boys are not attending school | B58: =B53+1 -> 518 | C58: Please list the main reasons why some or all children in your household or children living in the same shelter as you are not enrolled in school. (DO NOT READ THE OPTIONS BELOW ALOUD. AFTER LISTING, SELECT ALL REASONS THAT APPLY.) | E58: 0- No; 1- Yes
D59: School fees/costs are too high | E59: /__/
C60: (factors affecting displace person i.e IDPs, refugees and refugees are vast in addition fo what the host community go through) | D60: School is too far/no transport available | E60: /__/
D61: No school available in the area | E61: /__/
D62: Security concerns (conflict, violence, etc.) | E62: /__/
D63: Need to work/help at home | E63: /__/
D64: Health reasons/disability | E64: /__/
D65: Early marriage or pregnancy (for girls) | E65: /__/
D66: Other (please specify) | E66: /__/
D67: Unconducive learning environment, including gender-specific safety issues | E67: /__/
D68: Education poor quality | E68: /__/
D69: Parents don't value education | E69: /__/
D70: Documentation/legal status issues | E70: /__/
D71: School closures (conflict or use as shelters) | E71: /__/
D72: Gender-based expectations (domestic/work duties) | E72: /__/
A73: Ask if some school aged girls or boys are not attending school | B73: =B58+1 -> 519 | C73: Did these children who are not currently in school participate in any education or learning activities? | D73: 1- Yes
D74: 2- No | E74: /__/
A75: Ask if some school aged girls are not attending school | B75: =B73+1 -> 520 | C75: If some school-aged girls (6-13) are not currently enrolled, what activities are they engaged in?
D76: 1- Cooking
D77: 2- Cleaning
D78: 3- Taking care of younger siblings
D79: 4- Selling goods in markets | E79: /__/__/
D80: 5- Agricultural activities
D81: 6- Child marriage
D82: 7- Idling
D83: 8- Selling of water
D84: 9- Working in restaurant
D85: 10- Hawking house to house ,
D86: 11- Working in barbershops/saloons
D87: 12- Cleaning services
D88: 13- Engaged in construction works
D89: 14- Donkey/ locomotive riders
D90: 97- Other (Specify)
A92: Ask if some school aged boys are not attending school | B92: =B75+1 -> 521 | C92: If some school-aged boys (6-13) are not currently enrolled, what activities are they engaged in?
D93: 1- Herding work
D94: 2- Agricultural activities
D95: 3- Selling goods in the street
D96: 4- Engaged in armed groups | E96: /__/__/
D97: 5- Idling
D98: 6- Selling of water
D99: 7- Working in restaurant
D100: 8- Hawking house to house ,
D101: 9- Working in barbershops/saloons
D102: 10- Cleaning services
D103: 11- Engaged in construction works
D104: 12- Donkey/ locomotive riders
D105: 13- Other (Specify)
A109: =CONCATENATE("ASK IF Q",B10,"; ",B16,"; Q",B22,"; Q",B28, " ", "> 0") -> ASK IF Q503; 506; Q509; Q512 > 0 | B109: =B92+1 -> 522 | C109: How satisfied are you with the quality of education your child/children (or children from your household / shelter) is/are receiving?
D110: 1 - Very satisfied
D111: 2 - Satisfied
D112: 3 - Neutral | E112: /__/
D113: 4 - Dissatisfied
D114: 5 - Very satisfied
D115: 9 - Don't know
A117: ASK ALL | B117: =B109+1 -> 523 | C117: In this household / shelter, is there any child with any physical, developmental, intellectual, or sensory disabilities that affect their daily activities or participation in school and other activities?
D118: Yes | E118: 1
D119: No | E119: 2
A120: =CONCATENATE("Ask if Q",B117,"=1") -> Ask if Q523=1 | B120: =B117+1 -> 524 | C120: Is this child currently enrolled in school?
...

Sheet ReproductiveHealth
B1: 6. Reproductive Health
B3: Q no | C3: Question | D3: Options | E3: Code
B6: 601 | C6: Has there been any pregnant woman or a newborn in your household since April 2023? (that is after the war started?) | D6: 1- Yes 2- No | E6: /___/ | F6: =CONCATENATE("END MODULE IF ",B6," =NO") -> END MODULE IF 601 =NO
B7: =B6+1 -> 602 | C7: What type of medical services did you or any member of your household need? [SELECT ALL THAT APPLY] A household is defined by all the people who sleep under the same roof and share meals/expenses together | E7: 1-Yes; 0-No
A8: Ask if Q600=1 | D8: Prenatal care | E8: /__/ | F8: =CONCATENATE("SKIP to ",B64," if NO to ALL") -> SKIP to 609 if NO to ALL
D9: Postnatal care | E9: /__/
D10: Family planning | E10: /__/
D11: Emergency obstetric care | E11: /__/
D12: STI/HIV testing and treatment | E12: /__/
D13: Vaccination | E13: /__/
D14: Other (Specify) | E14: /__/
A15: Ask this for each SERVICE needed in Q600 | B15: =B7+1 -> 603 | C15: Did this person access [SERVICE]? (READOUT ONE AT A TIME) | E15: 0- No; 1- Yes
D16: Prenatal care | E16: /__/ | F16: ="Ask this for each SERVICE with YES at q" & B7 -> Ask this for each SERVICE with YES at q602
D17: Postnatal care | E17: /__/
D18: Family planning | E18: /__/
D19: Emergency obstetric care | E19: /__/
D20: STI/HIV testing and treatment | E20: /__/
D21: Vaccination | E21: /__/
D22: Other (Specify) | E22: /__/
A23: Ask this for each SERVICE with NO at q601 | B23: =B15+1 -> 604 | C23: What was the main reason that this person was unable to access [Service]? [DO NOT PROMPT, SINGLE RESPONSE] | F23: ="Ask this for each SERVICE with NO at q" & B15 -> Ask this for each SERVICE with NO at q603
E24: 1- Distance
E25: 2- Cost of services
E26: 3- Security concerns
E27: 4- Lack of transportation
E28: 5- Lack of information
E29: 6- Cultural or religious restrictions
E30: 7- No medical personel available
E31: 8- Health facility was destroyed
E32: 9- Other (specify)
D33: Prenatal care | E33: /__/
D34: Postnatal care | E34: /__/
D35: Family planning | E35: /__/
D36: Emergency obstetric care | E36: /__/
D37: STI/HIV testing and treatment | E37: /__/
D38: Vaccination | E38: /__/
D39: Other (Specify) | E39: /__/
A40: Ask this for each SERVICE WITH YES at q602 | B40: =B23+1 -> 605 | C40: How would you rate the [SERVICE] you have received? | F40: ="Ask this for each SERVICE WITH YES at q" & B15 -> Ask this for each SERVICE WITH YES at q603
E41: 1. Excellent
E42: 2. Good
E43: 3. Fair
E44: 4. Poor
E45: 7. NA
D46: Prenatal care | E46: /__/
D47: Postnatal care | E47: /__/
D48: Family planning | E48: /__/
D49: Emergency obstetric care | E49: /__/
D50: STI/HIV testing and treatment | E50: /__/
D51: Vaccination | E51: /__/
D52: Other (Specify) | E52: /__/
A53: Ask if at least one YES at q602 | B53: =B40+1 -> 606 | C53: Would you say that the healthcare providers were respectful and sensitive to your or your family member’s needs? | F53: ="Ask if at least one YES at q" & B15 -> Ask if at least one YES at q603
D54: 1. Always | E54: /__/
D55: 2. Sometimes
D56: 3. Never
D57: 9. Don't know
A58: Ask if at least one YES at q602 | B58: =B53+1 -> 607 | C58: Has this person experienced any discrimination or stigma when accessing reproductive health services?
D59: 1. Yes | E59: /__/
D60: 2. No
B61: =B58+1 -> 608 | C61: When did you or a member of your household last access the services? A household is defined by all the people who sleep under the same roof and share meals/expenses together | D61: Year_______ Month_______
B62: =B58+1 -> 608 | C62: Since the last time you or a member of your household accessed the reproductive health services, have the services ....... A household is defined by all the people who sleep under the same roof and share meals/expenses together | D62: 1 – Changed for the worst 2 – Somewhat worse 3 – No change 4 – Somewhat better 5 – Changed for the better
B64: =B61+1 -> 609 | C64: How has the conflict affected your household's access to [SERVICE]?
E65: 1. Reduced access
E66: 2. No change
E67: 3. Increased access
D68: Prenatal care | E68: /__/
D69: Postnatal care | E69: /__/
D70: Family planning | E70: /__/
D71: Emergency obstetric care | E71: /__/
D72: STI/HIV testing and treatment | E72: /__/
D73: Vaccination | E73: /__/
D74: Other (Specify) | E74: /__/
B75: =B64+1 -> 610 | C75: What are your most pressing reproductive health needs? (Select all that apply) | E75: 1-Yes; 0-No
D76: Access to contraception | E76: /__/
C77: Reproductive health means having access to doctors and information to help you make choices about pregnancy, birth control, and staying safe from infections. | D77: Safe childbirth services | E77: /__/
D78: Treatment for STIs | E78: /__/
D79: Counseling services | E79: /__/
D80: Information and education on reproductive health | E80: /__/
D81: Other (specify) | E81: /__/
B82: =B75+1 -> 611 | C82: Have you (any household member) received any education or information on reproductive health in the past year?
D83: 1. Yes | E83: /__/ | F83: =CONCATENATE("SKIP to ",B92," if NO") -> SKIP to 613 if NO
D84: 2. No
B85: =B82+1 -> 612 | C85: If yes, what was the source of this information? (Check all that apply) | E85: 1-Yes; 0-No
D86: Healthcare providers | E86: /__/
D87: Community health workers | E87: /__/
D88: Schools | E88: /__/
D89: Media (radio, TV, internet) | E89: /__/
D90: NGOs | E90: /__/
D91: Other (specify) | E91: /__/
B92: =B85+1 -> 613 | C92: What topics would you like more information on? (Check all that apply) | E92: 1-Yes; 0-No
D93: Family planning | E93: /__/
D94: Safe pregnancy and childbirth | E94: /__/
D95: STI/HIV prevention and treatment | E95: /__/
D96: Gender-based violence | E96: /__/
D97: Other (specify) | E97: /__/
B98: =B92+1 -> 614 | C98: What support do you think is most needed to improve reproductive health in your area? (Check all that apply) | E98: 1-Yes; 0-No
D99: More healthcare facilities | E99: /__/
D100: Better trained healthcare providers | E100: /__/
D101: Increased security | E101: /__/
D102: More educational programs | E102: /__/
D103: Financial assistance | E103: /__/
D104: Other (please specify) | E104: /__/
